 Dungeon Crawl Stone Soup version 0.29.0-13-gc9e81de378 (webtiles) character file.

Game seed: 6990810406593641279

46 Artool the Ducker (level 3, 0/28 HPs)
             Began as a Demonspawn Gladiator on Sept 6, 2022.
             Succumbed to an adder's poison
             ... on level 2 of the Dungeon.
             The game lasted 00:03:03 (1249 turns).

Artool the Ducker (Demonspawn Gladiator)            Turns: 1249, Time: 00:03:03

Health: 0/28       AC:  9    Str: 16    XL:     3   Next: 44%
Magic:  3/3        EV: 12    Int:  9    God:
Gold:   55         SH:  0    Dex: 14    Spells: 2/2 levels left

rFire   . . .      SeeInvis .   a - +0 flail
rCold   . . .      Faith    .   (no shield)
rNeg    . . .      Spirit   .   b - +0 leather armour
rPois   .          Reflect  .   (helmet restricted)
rElec   .          Harm     .   (no cloak)
rCorr   .          Rampage  .   (no gloves)
Will    .....                   (no boots)
Stlth   +.........              (no amulet)
HPRegen 0.09/turn               (no ring)
MPRegen 0.08/turn               (no ring)

@: lethally poisoned (0 -> -3), sanguine armoured
A: antennae 1, sanguine armour 1
a: no special abilities


You were on level 2 of the Dungeon.
You visited 1 branch of the dungeon, and saw 2 of its levels.

You collected 55 gold pieces.

Inventory:

Hand Weapons
 a - a +0 flail (weapon)
Missiles
 d - 2 throwing nets (quivered)
 e - a javelin
Armour
 b - a +0 leather armour (worn)
 c - a +0 helmet
Jewellery
 i - a ring of fire
Scrolls
 f - a scroll of immolation {unknown}
 h - a scroll of identify {unknown}
 j - a scroll of enchant armour {unknown}
 k - a scroll of teleportation {unknown}


   Skills:
 + Level 2.6 Fighting
 + Level 3.1 Maces & Flails
 - Level 2.1 Throwing
 + Level 0.2 Armour
 + Level 3.1 Dodging


You had 2 spell levels left.
You didn't know any spells.
Your spell library was empty.

Dungeon Overview and Level Annotations

Branches:
Dungeon (2/15)

Altars:


Innate Abilities, Weirdness & Mutations

You have a pair of small antennae on your head.
When seriously injured, your blood forms armour. (AC +6)


Message History

You are too injured to fight recklessly!
You closely miss the adder.
The adder is moderately wounded.
* * * LOW HITPOINT WARNING * * *
You feel very sick. The adder closely misses you.
* * * LOW HITPOINT WARNING * * *
You feel sick. The adder bites you but does no damage.
* * * LOW HITPOINT WARNING * * *
You feel sick. The adder attacks as you move away! The adder barely misses you.
* * * LOW HITPOINT WARNING * * *
You feel sick.
It was a potion of curing.
You feel better. The adder closely misses you.
You closely miss the adder.
The adder is moderately wounded.
The adder bites you but does no damage. The adder bites you.
You are poisoned.
The adder poisons you!
* * * LOW HITPOINT WARNING * * *
You feel sick.
You barely miss the adder.
The adder is moderately wounded.
You feel sick. The adder barely misses you. The adder closely misses you.
The adder attacks as you move away! The adder bites you but does no damage.
You feel sick.
There is a large open door here.
The adder attacks as you move away! The adder bites you.
* * * LOW HITPOINT WARNING * * *
You are lethally poisoned!
The adder poisons you!
* * * LOW HITPOINT WARNING * * *
You feel sick. The adder bites you but does no damage.
* * * LOW HITPOINT WARNING * * *
You feel sick.
Throw: 3 throwing nets
Press: ? - help, Q - select action, (/) - cycle Shift-Dir - straight line, f - adder
Aim: an adder (lightly wounded, 42% to hit)
You throw a throwing net. The throwing net misses the adder.
You die...

... ##........ ..#
##......... ..##
##..........
..###...........
#.##............
#.##............
#..#.......≈..≈.
#@S'....(...~~?.
#..'........~~$. #....
#)##..†....≈..≈. #....
#.##............ #....#
#.##............ #....#
#^.##........... #....#
##..##..........
#....########.###.........
#...............##.....


You could see an adder.

Vanquished Creatures
  2 dart slugs
  4 ball pythons
  4 bats (D:1)
  3 endoplasms (D:1)
  4 goblins
  4 hobgoblins (D:1)
  3 jackals (D:1)
  2 quokkas (D:1)
  A frilled lizard (D:1)
  5 kobolds
  4 rats
36 creatures vanquished.

Notes
Turn   | Place    | Note
-------+----------+-------------------------------------------
     0 | D:1      | Artool the Demonspawn Gladiator began the quest for the
                  | Orb.
     0 | D:1      | Reached XP level 1. HP: 16/16 MP: 1/1
    86 | D:1      | Gained mutation: When seriously injured, your blood forms
                  | armour. (AC +6) [demonic ancestry]
    86 | D:1      | Reached XP level 2. HP: 21/22 MP: 2/2
   590 | D:1      | Gained mutation: You have a pair of small antennae on your
                  | head. [demonic ancestry]
   590 | D:1      | Reached XP level 3. HP: 27/28 MP: 3/3
  1241 | D:2      | HP: 1/28 [poisoned by an adder]
  1248 | D:2      | HP: 1/28 [poisoned by an adder]
  1249 | D:2      | Succumbed to an adder's poison

Illustrated notes

Levels and vault maps discovered:
D:1:      nzn_arrival_crosshair, layout_loops_ring
D:2:      kennysheep_big_flooded_room, layout_basic,
          chequers_serial_rivers_large_b, uniq_terence

Skill      XL: |  1  2 |
---------------+-------+-----
Throwing       | 2 |  2.1
Dodging        | 3 |  3.1
Maces & Flails | 3 |  3.1
Fighting       | |  2.6
Armour         | |  0.2

Action                   || total
-------------------------++-------
Melee: Flail             ||   117
Throw: Throwing net      ||     1
  Use: Potion            ||     1
 Stab: Sleeping          ||     1
Armor: Leather armour    ||    45
Dodge: Dodged            ||   109
